 Dungeon Crawl Stone Soup version 0.16.2-12-gd0ad4c3 (webtiles) character file.

4139 Kloppie the Basher (level 10, 0/93 HPs)
             Began as a Minotaur Fighter on Oct 31, 2015.
             Was a High Priest of Cheibriados.
             Slain by a snapping turtle (14 damage)
             ... on level 8 of the Dungeon.
             The game lasted 00:19:08 (5614 turns).

Kloppie the Basher (Minotaur Fighter)               Turns: 5614, Time: 00:19:08

Health: 0/93       AC: 14    Str: 36    XL:     10   Next: 7%
Magic:  16/16      EV: 10    Int: 20    God:    Cheibriados [*****.]
Gold:   341        SH: 12    Dex: 25    Spells: 0 memorised, 9 levels left

rFire  . . .     SeeInvis .     D - +3 morningstar (flame)
rCold  . . .     Clarity  .     w - +0 plate armour
rNeg   . . .     SustAb   .     c - +0 shield
rPois  .         Gourm    .     (helmet restricted)
rElec  .         Spirit   .     (no cloak)
rCorr  +         Warding  .     k - +1 pair of gloves
rMut   .         Stasis   .     (no boots)
MR     .....                    f - amulet of resist corrosion
Stlth  ..........               (no ring)
                                h - +4 ring of evasion

@: very slow, not resistant to hostile enchantments, extremely unstealthy
A: retaliatory headbutt, horns 2
a: Bend Time, Temporal Distortion, Slouch, Step From Time, Renounce Religion


You were on level 8 of the Dungeon.
You worshipped Cheibriados.
Cheibriados was extremely pleased with you.
You were not hungry.

You visited 1 branch of the dungeon, and saw 8 of its levels.
You also visited: Sewer.

You collected 386 gold pieces.
You spent 45 gold pieces at shops.

Inventory:

Hand weapons
 a - a +0 flail
 D - a +3 morningstar of flaming (weapon)
Armour
 c - a +0 shield (worn)
 k - a +1 pair of gloves (worn)
 w - a +0 plate armour (worn)
Jewellery
 b - an uncursed amulet of guardian spirit
 f - an amulet of resist corrosion (around neck)
 h - a +4 ring of evasion (left hand)
 y - the ring of Tref {rF- rC+ MR+ Dex+4 Slay+1 SInv}
   (You took it off a goblin on level 4 of the Dungeon)

   [ring of slaying]

   It affects your dexterity (+4).
   It affects your accuracy and damage with ranged weapons and melee attacks
   (+1).
   It makes you vulnerable to fire.
   It protects you from cold.
   It affects your resistance to hostile enchantments.
   It enhances your eyesight.
 K - an uncursed ring of fire
Magical devices
 n - a wand of slowing (26)
 r - a wand of magic darts (2)
Scrolls
 j - 3 scrolls of identify
 l - 3 scrolls of amnesia
 s - 3 scrolls of remove curse
 E - 4 scrolls of enchant weapon
Potions
 e - 3 potions of might
 g - 7 potions of curing
 i - a potion of cancellation
 m - 6 potions of restore abilities
 p - 5 potions of brilliance
 u - a potion of flight
 v - 3 potions of haste
 A - a potion of agility
 B - a potion of resistance
 H - 2 potions of berserk rage
 L - a potion of heal wounds
Books
 q - an Akashic Record {highlevel, unknown}

   This book is beyond your current level of understanding.

   Spells                             Type                      Level
   a - Dispersal                      Translocation                6
   b - Controlled Blink               Translocation                7
   c - Malign Gateway                 Summoning/Translocation      7
   d - Disjunction                    Translocation                8
   e - Singularity                    Translocation                9
Comestibles
 d - 4 bread rations
 o - a meat ration
 t - 26 fruits
 z - 2 beef jerkies


   Skills:
 - Level 10.0 Fighting
 - Level 11.7 Maces & Flails
 + Level 5.4 Armour
 - Level 3.6 Shields
 + Level 6.6 Invocations


You had 9 spell levels left.
You didn't know any spells.

Dungeon Overview and Level Annotations

Branches:
Dungeon (8/15)             Temple (0/1) D:4
   Lair: D:8-11

Altars:
Cheibriados
Elyvilon
Fedhas
Makhleb
Nemelex Xobeh
Trog
Vehumet

Shops:
D:6 (*


Innate Abilities, Weirdness & Mutations

You reflexively headbutt those who attack you in melee.
You have a pair of horns on your head.


Message History

The centaur closely misses you. You furiously retaliate!
You headbutt the centaur! The snapping turtle closely misses you.
You block the centaur's attack. You block the centaur's attack.
The centaur closely misses you. You furiously retaliate!
You headbutt the centaur! The centaur barely misses you.
You furiously retaliate!
You headbutt the centaur, but do no damage.
The snapping turtle closely misses you. You block the centaur's attack. x2
Found a stone staircase leading down.
The centaur wields an uncursed shortbow.
The centaur shoots an arrow of frost.
The arrow of frost hits you but does no damage.
The arrow of frost freezes you.
* * * LOW HITPOINT WARNING * * *
The centaur unwields an uncursed shortbow.
You block the centaur's attack.
The centaur hits you but does no damage.
The snapping turtle bites you from afar!
You die...

≈≈#≈ #≈.#
≈≈≈≈#≈#.#
≈≈≈≈≈##(#
≈≈≈≈≈≈≈#.#
.≈≈≈≈;b.b#
..≈≈≈≈≈#.#
.≈≈≈≈##t#
.≈≈≈≈ #c#
≈≈≈≈ #@#
≈≈ #...#
≈#..# ≈#
.># ≈≈ #.#
≈≈ .# ≈≈≈
.# ≈ .#


You could see a snapping turtle, a centaur and a bat.

Vanquished Creatures
  The ghost of Kloppie the Quickloader, an experienced MiHu (D:7)
  Pikel (D:4)
  The ghost of gaypyos the Cudgeler, an average MiBe of Trog (D:4)
  Eustachio (D:6)
  A water moccasin (D:8)
  3 ice beasts
  A black bear (D:7)
  A phantom (D:8)
  Purgy (Sewer)
  An orc warrior (D:8)
  2 sky beasts
  2 crocodiles
  3 centaurs
  4 ogres
  A big kobold (D:8)
  A jelly (D:7)
  2 crimson imps
  2 orc priests
  4 worker ants
  A hound (D:4)
  2 iguanas
  3 giant frog skeletons
  2 orc wizards
  A quasit (D:7)
  Ijyb (D:7)
  A killer bee zombie (D:6)
  A hound zombie (D:5)
  Robin (D:3)
  A river rat (D:6)
  13 adders
  12 gnolls
  2 shadow imps
  2 giant mites (D:6)
  3 worms
  8 giant geckos
  2 oozes
  15 orcs
  16 bats
  A bat skeleton (D:4)
  A bat zombie (D:7)
  9 giant cockroaches
  18 goblins
  13 hobgoblins
  10 jackals
  13 kobolds
  3 quokkas
  2 ball pythons
  2 giant newts (D:4)
  2 jackal zombies
  A quokka skeleton (D:7)
  19 rats
  5 ballistomycetes (D:8)
219 creatures vanquished.

Vanquished Creatures (others)
  3 orcs (D:4)
  A giant spore (D:8)
  A jackal (D:2)
5 creatures vanquished.

Grand Total: 224 creatures vanquished

Notes
Turn   | Place    | Note
--------------------------------------------------------------
     0 | D:1      | Kloppie, the Minotaur Fighter, began the quest for the Orb.
     0 | D:1      | Reached XP level 1. HP: 19/19 MP: 1/1
   151 | D:1      | Reached skill level 4 in Fighting
   159 | D:1      | Reached XP level 2. HP: 25/27 MP: 1/1
   922 | D:2      | Reached XP level 3. HP: 30/34 MP: 2/2
  1068 | D:2      | Found a radiant altar of Vehumet.
  1134 | D:2      | Reached XP level 4. HP: 31/41 MP: 2/2
  1328 | D:2      | Reached skill level 5 in Fighting
  1513 | D:2      | Found a snail-covered altar of Cheibriados.
  1544 | D:2      | Became a worshipper of Cheibriados the Contemplative
  1669 | D:3      | Noticed Robin
  1681 | D:3      | Killed Robin
  1730 | D:3      | Reached XP level 5. HP: 43/48 MP: 2/2
  1770 | D:3      | Noticed an ice beast
  1781 | D:3      | Killed an ice beast
  1781 | D:3      | Reached skill level 6 in Fighting
  1781 | D:3      | Reached skill level 5 in Maces & Flails
  1868 | D:3      | Acquired Cheibriados' first power
  1940 | D:3      | Reached XP level 6. HP: 57/57 MP: 3/3
  2337 | D:4      | Noticed gaypyos' ghost (average MiBe)
  2347 | D:4      | Killed gaypyos' ghost
  2390 | D:4      | Reached skill level 7 in Fighting
  2405 | D:4      | Reached XP level 7. HP: 58/66 MP: 3/3
  2614 | D:4      | Got a translucent lead ring
  3114 | D:4      | Noticed Pikel
  3127 | D:4      | Killed Pikel
  3127 | D:4      | Reached skill level 8 in Fighting
  3127 | D:4      | Reached XP level 8. HP: 71/77 MP: 3/3
  3146 | D:4      | Reached skill level 9 in Fighting
  3310 | D:4      | Found a staircase to the Ecumenical Temple.
  3370 | D:5      | Entered Level 5 of the Dungeon
  3519 | D:5      | Acquired Cheibriados' second power
  3731 | D:5      | Reached skill level 10 in Fighting
  3894 | D:5      | Reached skill level 1 in Invocations
  3979 | D:5      | Identified the ring of Tref {rF- rC+ MR+ Dex+4 Slay+1 SInv} (You took it off a goblin on level 4 of the Dungeon)
  3994 | D:5      | Identified a scroll of acquirement
  4033 | D:6      | Found a white marble altar of Elyvilon.
  4040 | D:6      | Found a blossoming altar of Fedhas.
  4041 | D:6      | Found a burning altar of Makhleb.
  4042 | D:6      | Found a sparkling altar of Nemelex Xobeh.
  4054 | D:6      | Reached skill level 10 in Maces & Flails
  4110 | D:6      | Found Qaopp's Assorted Antiques.
  4114 | D:6      | Noticed Eustachio
  4128 | D:6      | Killed Eustachio
  4128 | D:6      | Reached XP level 9. HP: 78/85 MP: 5/7
  4133 | D:6      | Found a glowing drain.
  4148 | D:6      | Acquired Cheibriados' third power
  4155 | Sewer    | Entered a sewer
  4176 | Sewer    | Noticed Purgy
  4182 | Sewer    | Killed Purgy
  4237 | D:6      | Bought a scroll labeled PSYEHU SOSCHA for 24 gold pieces
  4237 | D:6      | Bought a viscous blue potion for 21 gold pieces
  4316 | D:6      | Found Haheust's Weapon Emporium.
  4686 | D:7      | Found a bloodstained altar of Trog.
  4699 | D:7      | Acquired Cheibriados' fourth power
  4802 | D:7      | Reached skill level 11 in Maces & Flails
  4867 | D:7      | Noticed Kloppie's ghost (experienced MiHu)
  4874 | D:7      | Noticed Ijyb
  4877 | D:7      | Killed Kloppie's ghost
  4877 | D:7      | Reached skill level 5 in Invocations
  4880 | D:7      | Killed Ijyb
  5240 | D:8      | Reached skill level 5 in Armour
  5240 | D:8      | Reached XP level 10. HP: 85/93 MP: 15/15
  5614 | D:8      | Slain by a snapping turtle

Action                   |  1- 3 |  4- 6 |  7- 9 | 10-12 || total
-------------------------+-------+-------+-------+-------++-------
Melee: Flail             |    69 |   150 |    38 |       ||   257
       Morningstar       |       |       |   183 |    26 ||   209
  Use: Scroll            |       |       |    24 |       ||    24
       Potion            |       |       |       |     1 ||     1
  Eat: Chunk             |     1 |     3 |     5 |     1 ||    10
       Pizza             |       |       |     1 |       ||     1
